 Dungeon Crawl Stone Soup version 0.28-a0-941-g140ffa1 (webtiles) character file.

Game seed: 4906444153483623766

12387 Sixotanaka the Frost Mage (level 11, -6/68 HPs)
             Began as a Merfolk Ice Elementalist on Nov 29, 2021.
             Was a Priest of Sif Muna.
             Mangled by a two-headed ogre (13 damage)
             ... on level 9 of the Dungeon.
             The game lasted 00:32:15 (16285 turns).

Sixotanaka the Frost Mage (MfIE)                   Turns: 16285, Time: 00:32:15

Health: -6/68      AC: 17    Str:  9    XL:     11   Next: 92%
Magic:  1/15       EV: 17    Int: 17    God:    Sif Muna [***...]
Gold:   781        SH:  0    Dex: 15    Spells: 0/14 levels left

rFire   . . .      SeeInvis .   z - +3 dagger (protect)
rCold   + . .      Faith    +   (no shield)
rNeg    . . .      Spirit   .   a - +0 leather armour {rC+}
rPois   .          Reflect  .   (no helmet)
rElec   .          Harm     .   d - +0 cloak
rCorr   .          Rampage  .   (no gloves)
Will    .....                   (no boots)
Stlth   ++........              h - amulet of faith
HPRegen 0.21/turn               g - +4 ring of slaying
MPRegen 0.14/turn               (no ring)

@: ice-armoured, under a protective aura
A: (nimble swimmer 2), mertail
a: Renounce Religion, Channel Magic, Forget Spell


You were on level 9 of the Dungeon.
You worshipped Sif Muna.
Sif Muna was most pleased with you.
You visited 3 branches of the dungeon, and saw 12 of its levels.
You visited the Abyss 1 time.
You also visited: Ossuary.

You collected 781 gold pieces.

Inventory:

Hand Weapons
 k - a +0 rapier
 y - a +1 dire flail of protection
 z - a +3 dagger of protection (weapon)
Armour
 a - a +0 leather armour of cold resistance (worn)
 d - a +0 cloak (worn)
Jewellery
 g - a +4 ring of slaying (left hand)
 h - an amulet of faith (around neck)
Wands
 j - a wand of flame (27)
 r - a wand of polymorph (11)
 t - a wand of iceblast (31)
 u - a wand of acid (9)
 w - a wand of charming (6)
Scrolls
 c - 6 scrolls of teleportation
 l - 2 scrolls of enchant weapon {unknown}
 o - a scroll of fog {unknown}
 p - a scroll of magic mapping {unknown}
 s - a scroll of summoning {unknown}
 v - 3 scrolls of enchant armour
 B - a scroll of brand weapon {unknown}
 C - a scroll of holy word {unknown}
 E - a scroll of torment {unknown}
Potions
 b - 2 potions of flight
 e - a potion of heal wounds
 f - a potion of lignification {unknown}
 i - 3 potions of haste {unknown}
 n - 8 potions of curing
 q - a potion of ambrosia {unknown}
 x - 3 potions of degeneration {unknown}
 A - 2 potions of magic {unknown}
 D - 2 potions of cancellation {unknown}


   Skills:
 - Level 0.1 Fighting
 - Level 0.2 Short Blades
 + Level 12.5 Dodging
 - Level 2.3 Stealth
 - Level 2.4 Spellcasting
 - Level 6.0 Conjurations
 - Level 14.0 Ice Magic
 + Level 3.9 Earth Magic
 - Level 6.0 Invocations


You couldn't memorise any spells.
You knew the following spells:

 Your Spells              Type           Power      Damage    Failure   Level
a - Freeze                Ice            100%       1d11      1%          1
b - Frozen Ramparts       Ice            98%        1d11      1%          3
c - Ozocubu's Armour      Ice            49%        N/A       1%          3
d - Hailstorm             Conj/Ice       36%        3d9       4%          4
e - Stone Arrow           Conj/Erth      36%        3d9       11%         3

Your spell library contained the following spells:

 Spells                   Type           Power      Damage    Failure   Level
 Sandblast                Erth           30%        2d9       5%          1
 Passwall                 Tmut/Erth      6%         N/A       19%         2
 Animate Skeleton         Necr           4%         N/A       26%         1
 Apportation              Tloc           4%         N/A       26%         1
 Slow                     Hex            8%         N/A       26%         1
 Summon Small Mammal      Summ           8%         N/A       26%         1
 Mephitic Cloud           Conj/Pois/Air  8%         N/A       34%         3
 Call Canine Familiar     Summ           2%         N/A       61%         3
 Confusing Touch          Hex            2%         N/A       61%         3
 Spider Form              Tmut/Pois      2%         N/A       61%         3
 Summon Guardian Golem    Hex/Summ       2%         N/A       61%         3
 Tukima's Dance           Hex            2%         N/A       61%         3
 Fireball                 Conj/Fire      6%         3d5       91%         5
 Passage of Golubria      Tloc           2%         N/A       95%         4
 Yara's Violent Unravell  Hex/Tmut       1%         3d3       100%        5
 Fire Storm               Conj/Fire      6%         8d2       100%        9


Dungeon Overview and Level Annotations

Branches:
Dungeon (10/15)            Temple (1/1) D:6            Lair (1/6) D:8
    Orc (0/2) D:9         Ossuary (visited)

Altars:
Ashenzari
Cheibriados
Dithmenos
Elyvilon
Fedhas
Gozag
Hepliaklqana
Kikubaaqudgha
Makhleb
Nemelex Xobeh
Okawaru
Qazlal
Ru
Sif Muna
Trog
Uskayaw
Vehumet
Wu Jian
Xom
Yredelemnul
Zin
The Shining One

Shops:
D:1 !   D:8 =

Annotations:
D:9 4 runed translucent doors


Innate Abilities, Weirdness & Mutations

((You are quick and stealthy near water. (Stealth+, EV+, Speed+++)))
Your lower body shifts to a powerful aquatic tail in water.


Message History

Aim: a two-headed ogre, wielding a +0 dire flail and a +0 giant club (85% to hit)
The stone arrow hits the two-headed ogre!
The two-headed ogre is lightly wounded.
The two-headed ogre hits you with a +0 dire flail!
The two-headed ogre hits you with a +0 giant club!
Casting: Stone Arrow (dangerous; 11% risk of failure)
Confirm with . or Enter, or press ? or * to list all spells.
Aiming: Stone Arrow (dangerous; 11% risk of failure)
Press: ? - help, Shift-Dir - straight line, f/p - two-headed ogre
Aim: a two-headed ogre, wielding a +0 dire flail and a +0 giant club (lightly wounded, 85% to hit)
The stone arrow hits the two-headed ogre!!
The two-headed ogre is heavily wounded.
The two-headed ogre hits you with a +0 dire flail.
The two-headed ogre hits you with a +0 giant club.
* * * LOW HITPOINT WARNING * * *
Casting: Stone Arrow (dangerous; 11% risk of failure)
Confirm with . or Enter, or press ? or * to list all spells.
Aiming: Stone Arrow (dangerous; 11% risk of failure)
Press: ? - help, Shift-Dir - straight line, f/p - two-headed ogre
Aim: a two-headed ogre, wielding a +0 dire flail and a +0 giant club (heavily wounded, 85% to hit)
The stone arrow hits the two-headed ogre!!
The two-headed ogre is almost dead.
Unknown command.
Casting: Stone Arrow (dangerous; 11% risk of failure)
Confirm with . or Enter, or press ? or * to list all spells.
Aiming: Stone Arrow (dangerous; 11% risk of failure)
Press: ? - help, Shift-Dir - straight line, f/p - two-headed ogre
Aim: a two-headed ogre, wielding a +0 dire flail and a +0 giant club (almost dead, 85% to hit)
The stone arrow misses the two-headed ogre.
The two-headed ogre hits you with a +0 dire flail!
* * * LOW HITPOINT WARNING * * *
The two-headed ogre barely misses you.
You puncture the two-headed ogre!
Your weapon exudes an aura of protection.
The two-headed ogre is almost dead.
The two-headed ogre misses you. The two-headed ogre barely misses you.
You barely miss the two-headed ogre.
The two-headed ogre is almost dead.
The two-headed ogre hits you with a +0 dire flail!
You die...

................#.##....#
...8............#.......#
.....############.......#
....#.................#.#
....######............#.#
.#### #.........>..#.#
##########..............#
........................#
...............O@..##...#
..############'##..##...#
..# #....#..#.......# ..#
#....'..#.......# ..#
#....#..#.......# ..#
#....#..'.#####.# ..#
#....#..#.......# ..#
###.#####.......# ###
#.#####.###...#


You could see a two-headed ogre.

Vanquished Creatures
  Erolcha (D:10)
  A two-headed ogre (D:9)
  An ugly thing (D:9)
  A manticore (D:9)
  A gargoyle (D:9)
  A rime drake (Lair:1)
  An efreet (D:9)
  An ancient zyme (Abyss:1)
  A komodo dragon (Lair:1)
  A hornet (D:10)
  2 polar bears (Lair:1)
  Prince Ribbit (D:7)
  16 yaks
  A wyvern (D:8)
  2 steam dragons
  Menkaure (D:7)
  3 vampire mosquitoes
  An acid dragon (D:9)
  7 water moccasins
  Duvessa (D:7)
  7 orc warriors
  3 sky beasts
  2 black bears (D:8)
  7 necrophages
  2 hornet zombies (D:8)
  A centaur (D:8)
  A phantom (D:4)
  3 kobold brigands
  4 bullfrogs
  3 scorpions
  A water moccasin zombie (D:6)
  A water moccasin skeleton (D:6)
  Dowan (D:7)
  A killer bee (D:9)
  8 wights (D:8)
  2 centaur zombies
  5 jellies
  A hound (D:6)
  4 orc priests
  3 orc wizards
  A hound skeleton (D:4)
  A hound zombie (D:5)
  7 mummies
  3 howler monkey zombies
  7 adders
  2 shadow imps
  4 white imps
  4 adder zombies (Ossuary)
  An adder skeleton (D:4)
  6 dart slugs
  42 orcs
  7 ball pythons
  8 bats
  7 endoplasms
  A giant cockroach (D:2)
  9 goblins
  7 hobgoblins
  10 jackals
  2 quokkas
  7 frilled lizards
  3 goblin zombies (Ossuary)
  2 hobgoblin zombies (Ossuary)
  23 kobolds
  2 kobold zombies
  An orc zombie (D:8)
  6 quokka zombies (Ossuary)
  8 rats (D:1)
  2 rat zombies (Ossuary)
288 creatures vanquished.

Vanquished Creatures (others)
  A bullfrog (D:9)
  56 fungi
  66 plants
123 creatures vanquished.

Grand Total: 411 creatures vanquished

Notes
Turn   | Place    | Note
-------+----------+-------------------------------------------
     0 | D:1      | Sixotanaka the Merfolk Ice Elementalist began the quest for
                  | the Orb.
     0 | D:1      | Reached XP level 1. HP: 13/13 MP: 3/3
   170 | D:1      | Reached XP level 2. HP: 19/19 MP: 1/5
   263 | D:1      | Reached skill level 5 in Ice Magic
   319 | D:1      | Found a faded altar of an unknown god.
   496 | D:1      | Reached XP level 3. HP: 17/24 MP: 0/6
   587 | D:1      | Found Xaobaa's Distillery.
   947 | D:2      | Found a burning altar of Makhleb.
  1106 | D:2      | Learned a level 3 spell: Frozen Ramparts
  1244 | D:2      | Reached XP level 4. HP: 30/30 MP: 7/7
  1762 | D:2      | Reached skill level 6 in Ice Magic
  1829 | D:2      | Learned a level 3 spell: Ozocubu's Armour
  2553 | D:3      | Reached XP level 5. HP: 28/35 MP: 4/8
  2665 | D:3      | Noticed a sky beast
  2672 | D:3      | Killed a sky beast
  2673 | D:3      | Reached skill level 7 in Ice Magic
  2985 | D:3      | Reached XP level 6. HP: 41/41 MP: 9/9
  3427 | D:4      | Reached skill level 8 in Ice Magic
  3968 | D:4      | Reached XP level 7. HP: 46/46 MP: 3/10
  4247 | D:5      | Entered Level 5 of the Dungeon
  4537 | D:5      | Reached skill level 9 in Ice Magic
  5343 | D:6      | Reached skill level 10 in Ice Magic
  5630 | D:6      | Found a staircase to the Ecumenical Temple.
  5638 | Temple   | Entered the Ecumenical Temple
  5719 | Temple   | Became a worshipper of Sif Muna the Loreminder
  5747 | D:6      | Reached XP level 8. HP: 24/52 MP: 3/11
  5910 | D:6      | Reached skill level 11 in Ice Magic
  6155 | D:6      | Found a radiant altar of Vehumet.
  6736 | D:7      | Noticed Menkaure
  6754 | D:7      | Killed Menkaure
  6755 | D:7      | Reached skill level 12 in Ice Magic
  7004 | D:7      | Noticed Prince Ribbit
  7255 | D:7      | Killed Prince Ribbit
  7324 | D:7      | Reached XP level 9. HP: 49/57 MP: 0/12
  7427 | D:7      | Reached skill level 13 in Ice Magic
  7711 | D:7      | Noticed Dowan
  7715 | D:7      | Noticed Duvessa
  7718 | D:7      | Reached * piety under Sif Muna
  7718 | D:7      | Killed Dowan
  7722 | D:7      | Killed Duvessa
  7725 | D:7      | Got the Reference Book on Virous Heat
  8414 | D:7      | Reached skill level 14 in Ice Magic
  8459 | D:7      | Learned a level 4 spell: Hailstorm
  8992 | D:8      | Reached skill level 1 in Invocations
  9319 | D:8      | Found a sand-covered staircase.
  9329 | Ossuary  | Entered an ossuary
  9440 | Ossuary  | Reached skill level 1 in Conjurations
  9584 | Ossuary  | Reached ** piety under Sif Muna
 10260 | D:8      | Found a staircase to the Lair.
 10322 | D:8      | Reached skill level 5 in Dodging
 10322 | D:8      | Reached XP level 10. HP: 63/63 MP: 13/13
 11430 | D:8      | Found Yschajajo's Jewellery Shoppe.
 11572 | D:8      | Reached skill level 5 in Invocations
 11653 | Lair:1   | Entered Level 1 of the Lair of Beasts
 12298 | Lair:1   | Reached *** piety under Sif Muna
 12391 | Lair:1   | Reached skill level 5 in Conjurations
 12392 | Lair:1   | Reached XP level 11. HP: 52/68 MP: 12/15
 12914 | Lair:1   | Learned a level 3 spell: Stone Arrow
 12964 | Lair:1   | Reached skill level 10 in Dodging
 13373 | D:9      | Found a large runed translucent door.
 13373 | D:9      | Found a large runed translucent door.
 13377 | D:9      | Noticed a catoblepas
 13392 | D:9      | Noticed a cyan ugly thing
 13399 | D:9      | Killed a cyan ugly thing
 13772 | D:9      | Found a large runed translucent door.
 13772 | D:9      | Found a large runed translucent door.
 13794 | D:9      | Noticed a two-headed ogre
 14012 | D:9      | Noticed a manticore
 14017 | D:9      | Killed a manticore
 14018 | D:9      | Reached skill level 1 in Earth Magic
 14408 | D:9      | Killed a two-headed ogre
 14850 | D:9      | Found a staircase to the Orcish Mines.
 15346 | D:10     | Entered Level 10 of the Dungeon
 15831 | D:10     | Paralysed by a hornet for 1 turns
 16071 | D:10     | Noticed Erolcha
 16075 | D:10     | Cast into level 1 of the Abyss (Erolcha)
 16196 | D:10     | Escaped the Abyss
 16209 | D:10     | Killed Erolcha
 16225 | D:10     | Noticed a two-headed ogre
 16237 | D:10     | Noticed a two-headed ogre
 16285 | D:9      | Mangled by a two-headed ogre

Illustrated notes

Levels and vault maps discovered:
D:1:      wander_arrival_fairy_ring, layout_rooms,
          hellmonk_ecumenical_altar_crossroads, serial_shops, shop,
          minmay_nonomino_d4
D:2:      cheibrodos_helix_gallery, layout_basic, basic_altar
D:3:      layout_loops_ring, minmay_quantized
D:4:      layout_loops_ring
D:5:      layout_loops_ring, minmay_bent
D:6:      layout_gridville, lemuel_round_altar,
          minmay_temple_entry_statues_fountains
D:7:      layout_cave_pools, kennysheep_small_circle, uniq_prince_ribbit1,
          uniq_menkaure, uniq_duvessa
D:8:      layout_loops_ring, due_lair_maze_entry_diamond, enter_ossuary_3,
          serial_shops, shop, serial_undead, serial_undead_b, serial_undead_c,
          serial_undead_a, serial_undead_a, serial_undead_a, serial_undead_a
D:9:      layout_stronghold, david_orc_2, corexii_leaking_fountain,
          nicolae_two_hexagons, supply_closet_lemuel,
          minmay_hollow_rounded_squares
D:10:     layout_cave_pools, uniq_maggie, uniq_fannar, uniq_erolcha
Temple:   grunt_wide_crystal_templ
Lair:1:   layout_regular_city, cheibrodos_lair_lostbears

Skill      XL: |  1  2  3  4  5  6  7  8  9 10 11 |
---------------+----------------------------------+-----
Ice Magic      | 5 6 7 8 10 12 14 | 14.0
Dodging        | 5 8 12 | 12.5
Invocations    | 3 6 |  6.0
Conjurations   | 2 5 6 |  6.0
Earth Magic    | 3 |  3.9
Fighting       | |  0.1
Short Blades   | |  0.2
Stealth        | |  2.3
Spellcasting   | |  2.4

Action                   |  1- 3 |  4- 6 |  7- 9 | 10-12 || total
-------------------------+-------+-------+-------+-------++-------
Melee: Dagger            |    14 |       |   109 |   113 ||   236
       Trident           |     2 |    36 |       |       ||    38
       Flail             |       |    50 |    46 |       ||    96
       Dire flail        |       |       |    16 |       ||    16
 Cast: Freeze            |    54 |    30 |    65 |    77 ||   226
       Frozen Ramparts   |       |     8 |    20 |    31 ||    59
       Ozocubu's Armour  |       |     7 |    22 |    30 ||    59
       Hailstorm         |       |       |    27 |    40 ||    67
       Stone Arrow       |       |       |       |    25 ||    25
Invok: Channel Magic     |       |       |     3 |     9 ||    12
Evoke: Wand              |       |       |       |     3 ||     3
  Use: Potion            |       |       |     4 |     1 ||     5
       Scroll            |       |       |     7 |     3 ||    10
 Stab: Sleeping          |     1 |    10 |     2 |       ||    13
Armor: Robe              |     8 |    33 |    90 |    49 ||   180
       Leather armour    |       |       |       |    24 ||    24
Dodge: Dodged            |    44 |    60 |   174 |   209 ||   487

Table legend: (Time is in decaauts)
 A = Elapsed time spent in this place.
 B = Non-inter-level travel time spent in this place.
 C = Inter-level travel time spent in this place.
 D = Time resting spent in this place.
 E = Time spent auto-exploring this place.
 F = Levels seen in this place.
 G = Mean time per level.
                   A        B        C        D        E       F      G
               +--------+--------+--------+--------+--------+-----+--------+
         Total |  16341 |  15795 |    546 |   6078 |   6821 |  14 | 1167.2 |
       Dungeon |  14398 |  13891 |    507 |   5193 |   6319 |  10 | 1439.8 |
        Temple |     94 |     55 |     39 |      0 |     37 |   1 |   94.0 |
          Lair |   1087 |   1087 |      0 |    465 |    380 |   1 | 1087.0 |
         Abyss |    120 |    120 |      0 |     16 |      0 |   1 |  120.0 |
       Ossuary |    640 |    640 |      0 |    404 |     85 |   1 |  640.0 |
               +--------+--------+--------+--------+--------+-----+--------+

Top non-repeatable levels by time:
     D:8: 3006 daAuts
     D:9: 2503 daAuts
     D:6: 1917 daAuts
     D:2: 1327 daAuts
     D:7: 1278 daAuts
     D:4: 1091 daAuts
  Lair:1: 1087 daAuts
     D:5: 1070 daAuts
     D:1: 942 daAuts
     D:3: 914 daAuts
 Ossuary: 640 daAuts
    D:10: 345 daAuts
 Abyss:1: 120 daAuts
  Temple: 94 daAuts
